 Dungeon Crawl Stone Soup version 0.30-a0-359-gd0147acb1a (webtiles) character file.

Game seed: 8370717015995156281

31 sleeves the Slasher (level 3, 29/29 HPs)
             Began as a Demonspawn Monk on Nov 12, 2022.
             Quit the game on level 2 of the Dungeon.
             The game lasted 00:00:56 (981 turns).

sleeves the Slasher (Demonspawn Monk)                Turns: 981, Time: 00:00:57

Health: 29/29      AC:  3    Str: 11    XL:     3   Next: 7%
Magic:  3/3        EV: 13    Int: 11    God:
Gold:   46         SH:  0    Dex: 17    Spells: 2/2 levels left

rFire   . . .      SeeInvis .    a - +0 falchion
rCold   . . .      Faith    .    (no shield)
rNeg    . . .      Spirit   .    b - +0 robe
rPois   .          Reflect  .    (no helmet)
rElec   .          Harm     .    (no cloak)
rCorr   .          Rampage  .    (no gloves)
Will    .....                    (no boots)
Stlth   ++........               h - amulet of the acrobat
HPRegen 0.24/turn                (no ring)
MPRegen 0.08/turn                (no ring)

@: no status effects
A: rugged brown scales 1, demonic touch 1
a: no special abilities


You were on level 2 of the Dungeon.
You visited 1 branch of the dungeon, and saw 2 of its levels.

You collected 46 gold pieces.

Inventory:

Hand Weapons
 a - a +0 falchion (weapon)
Armour
 b - a +0 robe (worn)
 l - a +0 helmet
   (You found it on level 2 of the Dungeon)
Jewellery
 g - an amulet of magic regeneration
   (You found it on level 1 of the Dungeon)
 h - an amulet of the acrobat (around neck)
   (You found it on level 1 of the Dungeon)
Scrolls
 d - a scroll of noise {unknown}
 e - a scroll of amnesia {unknown}
 i - a scroll of magic mapping {unknown}
 j - a scroll of vulnerability {unknown}
Potions
 c - a potion of ambrosia
 f - a potion of curing {unknown}
 k - a potion of might {unknown}


   Skills:
 - Level 3.0 Fighting
 + Level 3.9 Long Blades
 - Level 2.6 Dodging
 - Level 1.7 Stealth


You had 2 spell levels left.
You didn't know any spells.
Your spell library was empty.

Dungeon Overview and Level Annotations

Branches:
Dungeon (2/15)

Altars:


Innate Abilities, Weirdness & Mutations

You are partially covered in rugged brown scales. (AC +1, +3% HP)
Your touch may inflict minor irresistible damage on your foes.


Message History

Welcome, sleeves the Demonspawn Monk.
Below lies the Orb of Zot, rumoured to be powerful enough to resurrect a god...
Press ? for a list of commands and other information.
Found a staircase leading out of the dungeon.
The ice dragon roars deafeningly!
The yellow draconian roars!
The iron dragon roars deafeningly!
Found an escape hatch in the floor.
You open the door.
There is an open door here.
An endoplasm comes into view.
An endoplasm is nearby!
A frilled lizard comes into view.
The frilled lizard hisses angrily.
The helpless endoplasm fails to defend itself.
You slash the endoplasm!
You kill the endoplasm!
You hit the frilled lizard.
The frilled lizard is heavily wounded.
The frilled lizard barely misses you.
You slash the frilled lizard!
You kill the frilled lizard!
No target in view!
No target in view!
No target in view!
No target in view!
No target in view!
A quokka comes into view.
A quokka is nearby!
You hit the quokka.
The quokka is heavily wounded.
The quokka barely misses you.
You hit the quokka.
The quokka is severely wounded.
The quokka barely misses you. The quokka bites you.
You miss the quokka.
The quokka is severely wounded.
The quokka bites you.
You hit the quokka.
You kill the quokka!
No target in view!
No target in view!
No target in view!
No target in view!
No target in view!
HP restored.
Found 6 javelins.
A kobold comes into view. It is wielding a +0 club.
The helpless kobold fails to defend itself.
You hit the kobold.
The kobold is heavily wounded.
The kobold hits you but does no damage.
You slash the kobold!
You kill the kobold!
Your Long Blades skill increases to level 3!
No target in view!
No target in view!
No target in view!
No target in view!
No target in view!
No target in view!
A kobold comes into view. It is wielding a +0 dagger.
The kobold shouts!
A kobold is nearby!
A kobold is nearby!
You hit the kobold.
The kobold is severely wounded.
The kobold hits you with a +0 dagger.
You barely miss the kobold.
The kobold is severely wounded.
The kobold barely misses you.
You barely miss the kobold.
The kobold is severely wounded.
The kobold hits you with a +0 dagger. The kobold barely misses you.
You barely miss the kobold.
The kobold is severely wounded.
The kobold hits you with a +0 dagger.
You barely miss the kobold.
The kobold is severely wounded.
The kobold hits you with a +0 dagger.
You hit the kobold but do no damage.
The kobold is severely wounded.
The kobold barely misses you.
You closely miss the kobold.
The kobold is severely wounded.
The kobold hits you with a +0 dagger.
You are too injured to fight recklessly!
You are too injured to fight recklessly!
A kobold is nearby!
A kobold is nearby!
A kobold is nearby!
You are too injured to fight recklessly!
You are too injured to fight recklessly!
You are too injured to fight recklessly!
You hit the kobold but do no damage.
The kobold is severely wounded.
The kobold closely misses you. The kobold barely misses you.
You barely miss the kobold.
The kobold is severely wounded.
The kobold closely misses you.
You closely miss the kobold.
The kobold is severely wounded.
The kobold hits you with a +0 dagger.
You closely miss the kobold.
The kobold is severely wounded.
The kobold misses you.
You hit the kobold.
You kill the kobold!
Things that are here:
a +0 dagger; a kobold corpse
d - a scroll labelled ITIRUE QU CIHY
e - a scroll labelled HATU IKHLESOSE
Found a stone staircase leading down.
No target in view!
No target in view!
No target in view!
No target in view!
No target in view!
No target in view!
Found a whip.
There is a stone staircase leading down here.
Found a robe.
f - a clear potion No target in view!
No target in view!
No target in view!
No target in view!
No target in view!
No target in view!
No target in view!
No target in view!
g - an amulet of magic regeneration An endoplasm comes into view.
Found 4 gold pieces.
An endoplasm is nearby!
Found 4 stones.
The helpless endoplasm fails to defend itself.
You hit the endoplasm.
The endoplasm is lightly wounded.
The endoplasm barely misses you.
You hit the endoplasm.
The endoplasm is heavily wounded.
The endoplasm freezes you.
You are frozen.
The endoplasm freezes you.
You are frozen.
You barely miss the endoplasm.
The endoplasm is heavily wounded.
The endoplasm barely misses you.
You hit the endoplasm.
You kill the endoplasm!
No target in view!
No target in view!
No target in view!
No target in view!
No target in view!
No target in view!
No target in view!
You start putting on your amulet.
You continue putting on your amulet of magic regeneration. x5
You finish putting on your amulet of magic regeneration.
g - an amulet of magic regeneration (around neck)
A goblin comes into view. It is wielding a +0 dagger.
The goblin shouts!
You see here 4 gold pieces.
A goblin is nearby!
A goblin is nearby!
The goblin hits you but does no damage.
You slash the goblin!
You kill the goblin!
No target in view!
No target in view!
No target in view!
No target in view!
No target in view!
No target in view!
No target in view!
No target in view!
You now have 4 gold pieces.
A goblin comes into view. It is wielding a +0 dagger.
A goblin is nearby!
A goblin is nearby!
An endoplasm and a kobold come into view.
The endoplasm quivers.
The helpless goblin fails to defend itself.
You slash the goblin!
You kill the goblin!
You have reached level 2!
Your demonic ancestry asserts itself...
Rugged brown scales grow over part of your body.
Found a dented bone amulet.
The endoplasm barely misses you.
You see here a +0 dagger.
You hit the endoplasm.
The endoplasm is almost dead.
The endoplasm freezes you.
You are frozen.
You hit the endoplasm.
You kill the endoplasm!
No target in view!
No target in view!
No target in view!
No target in view!
No target in view!
No target in view!
h - an amulet of the acrobat
Found a club.
Found 5 stones.
No target in view!
No target in view!
No target in view!
No target in view!
No target in view!
No target in view!
No target in view!
No target in view!
You start removing your amulet.
You continue taking off your amulet of magic regeneration. x4
You finish taking off your amulet of magic regeneration.
You start putting on your amulet.
You continue putting on your amulet of the acrobat. x5
You finish putting on your amulet of the acrobat.
You feel ready to tumble and roll out of harm's way.
h - an amulet of the acrobat (around neck)
A ball python comes into view.
A ball python is nearby!
A ball python is nearby!
The ball python misses you. The ball python closely misses you.
You hit the ball python.
You kill the ball python!
No target in view!
No target in view!
No target in view!
No target in view!
No target in view!
No target in view!
No target in view!
No target in view!
You see here a staff of death.
You now have 7 gold pieces (gained 3).
A bat comes into view.
A bat is nearby!
Found 5 stones.
The bat completely misses you. The bat completely misses you.
The bat misses you.
You barely miss the bat. The bat closely misses you.
The bat completely misses you. The bat misses you.
You see here 5 stones.
The bat completely misses you. The bat closely misses you.
You barely miss the bat. The bat hits you but does no damage.
You completely miss the bat. The bat hits you but does no damage.
The bat completely misses you.
A bat is nearby!
A bat is nearby!
A bat is nearby!
The bat completely misses you. The bat hits you but does no damage.
You slash the bat!
You kill the bat!
No target in view!
No target in view!
No target in view!
No target in view!
No target in view!
No target in view!
No target in view!
No target in view!
No target in view!
No target in view!
A kobold comes into view. It is wielding a +0 club.
A kobold is nearby!
A kobold is nearby!
A kobold is nearby!
The kobold shouts!
You hear an angry hiss.
You hear a shout!
You closely miss the kobold. The kobold hits you but does no damage.
You hit the kobold.
You kill the kobold!
No target in view!
No target in view!
No target in view!
No target in view!
No target in view!
No target in view!
No target in view!
No target in view!
No target in view!
Things that are here:
a +0 club; 5 stones; a kobold corpse A ball python comes into view.
The ball python hisses angrily.
A hobgoblin comes into view.
There are monsters nearby!
There are monsters nearby!
There are monsters nearby!
The kobold shouts!
The ball python barely misses you. The ball python misses you.
The kobold barely misses you.
The ball python completely misses you. x2
You hit the kobold.
The kobold is severely wounded.
The kobold hits you but does no damage.
The ball python bites you but does no damage.
The ball python closely misses you. The kobold hits you with a +0 dagger.
You closely miss the kobold.
The kobold is moderately wounded.
The ball python closely misses you. The ball python misses you.
The kobold misses you.
You slash the kobold!
You kill the kobold!
The ball python barely misses you. The ball python completely misses you.
The ball python bites you. The ball python completely misses you.
You hit the hobgoblin.
The hobgoblin is heavily wounded.
The hobgoblin barely misses you. The ball python barely misses you.
The ball python grabs you. The ball python constricts you.
You slash the ball python!
You kill the ball python!
The hobgoblin hits you.
You closely miss the hobgoblin.
The hobgoblin is heavily wounded.
The hobgoblin hits you.
You slash the hobgoblin!
You kill the hobgoblin!
No target in view!
No target in view!
No target in view!
No target in view!
No target in view!
No target in view!
No target in view!
No target in view!
No target in view!
No target in view!
No target in view!
No target in view!
No target in view!
No target in view!
No target in view!
You now have 18 gold pieces (gained 11).
Things that are here:
a +0 dagger; 4 stones; a hobgoblin corpse You see here a +0 dagger.
Key pressed, stopping explore.
You see here 4 stones.
You see here a +0 robe.
There is a stone staircase leading down here.
A ball python comes into view.
A ball python is nearby!
A ball python is nearby!
Found 11 gold pieces.
Found a stone staircase leading down.
The ball python hisses angrily.
The ball python misses you. The ball python closely misses you.
You hit the ball python.
You kill the ball python!
No target in view!
No target in view!
No target in view!
No target in view!
No target in view!
No target in view!
No target in view!
No target in view!
You now have 29 gold pieces (gained 11).
A bat comes into view.
A bat is nearby!
A bat is nearby!
The bat misses you.
You barely miss the bat. The bat barely misses you.
The bat hits you but does no damage.
You miss the bat. The bat misses you. The bat closely misses you.
You closely miss the bat. The bat hits you but does no damage.
The bat closely misses you. The bat closely misses you. x2
You closely miss the bat. The bat hits you.
The bat hits you but does no damage.
A bat is nearby!
A bat is nearby!
A bat is nearby!
The bat hits you but does no damage.
You closely miss the bat. The bat closely misses you.
The bat completely misses you.
You hit the bat.
The bat is severely wounded.
The bat hits you but does no damage.
You miss the bat.
The bat is severely wounded.
The bat hits you. The bat closely misses you. The bat completely misses you.
The bat closely misses you.
No target in view!
No target in view!
No target in view!
No target in view!
No target in view!
No target in view!
No target in view!
No target in view!
No target in view!
The bat hits you but does no damage.
A bat is nearby!
A bat is nearby!
You hit the bat.
You kill the bat!
No target in view!
No target in view!
No target in view!
No target in view!
No target in view!
No target in view!
No target in view!
No target in view!
No target in view!
Found a stone staircase leading down.
A ball python comes into view.
A ball python is nearby!
You closely miss the ball python. The ball python bites you.
The ball python completely misses you.
You hit the ball python.
The ball python is heavily wounded.
The ball python bites you. The ball python barely misses you.
You closely miss the ball python.
The ball python is moderately wounded.
The ball python misses you. The ball python completely misses you.
The ball python bites you but does no damage.
The ball python misses you.
You hit the ball python.
The ball python is severely wounded.
The ball python bites you. The ball python grabs you.
The ball python constricts you.
You hit the ball python.
You kill the ball python!
No target in view!
No target in view!
No target in view!
No target in view!
No target in view!
No target in view!
A quokka comes into view.
A quokka is nearby!
A quokka is nearby!
A goblin comes into view. It is wielding a +0 club.
You hit the quokka.
The quokka is heavily wounded.
The quokka completely misses you.
You hit the quokka but do no damage.
The quokka is heavily wounded.
The quokka closely misses you. The quokka completely misses you.
You hit the quokka but do no damage.
The quokka is moderately wounded.
The quokka barely misses you.
You barely miss the quokka.
The quokka is moderately wounded.
The quokka closely misses you. The quokka bites you.
You hit the quokka but do no damage.
The quokka is moderately wounded.
The quokka barely misses you.
You barely miss the quokka.
The quokka is moderately wounded.
The quokka barely misses you.
You hit the quokka.
You kill the quokka!
You see here a quokka corpse.
You closely miss the goblin. The goblin hits you with a +0 club.
You hit the goblin.
You kill the goblin!
Things that are here:
a +0 club; a goblin corpse You see here a ball python corpse.
There is a stone staircase leading down here.
i - a scroll labelled SEJYR XOLUTEEPN Done exploring.
Done exploring.
No target in view!
No target in view!
No target in view!
No target in view!
Done exploring.
(D) Dungeon
Where to? (? - help)
There is a stone staircase leading down here.
You climb downwards.
Found a robe.
There is a stone staircase leading up here.
A hobgoblin comes into view.
A hobgoblin is nearby!
A bat comes into view.
Found a scroll labelled POGULAPN HUPT.
The hobgoblin completely misses you.
You closely miss the hobgoblin. The hobgoblin hits you.
You hit the hobgoblin but do no damage. The hobgoblin closely misses you.
You barely miss the hobgoblin.
The hobgoblin hits you but does no damage.
You barely miss the hobgoblin. The hobgoblin completely misses you.
You hit the hobgoblin.
The hobgoblin is moderately wounded.
The bat hits you. The hobgoblin closely misses you.
You completely miss the hobgoblin.
The hobgoblin is moderately wounded.
The hobgoblin barely misses you. The bat hits you but does no damage.
You barely miss the hobgoblin.
The hobgoblin is moderately wounded.
The bat misses you. The hobgoblin hits you. The hobgoblin closely misses you.
You completely miss the hobgoblin.
The hobgoblin is moderately wounded.
The bat closely misses you. The bat barely misses you.
The hobgoblin completely misses you.
You slash the hobgoblin!
You kill the hobgoblin!
The bat closely misses you.
Found 9 gold pieces.
The bat closely misses you.
A bat is nearby!
A bat is nearby!
You hit the bat but do no damage. The bat hits you.
You closely miss the bat. The bat barely misses you.
You miss the bat. The bat barely misses you. The bat misses you.
The bat barely misses you.
You hit the bat but do no damage. The bat completely misses you.
The bat closely misses you. The bat completely misses you.
The bat completely misses you.
You miss the bat. The bat hits you but does no damage.
You hit the bat but do no damage. The bat hits you but does no damage.
A bat is nearby!
A bat is nearby!
A bat is nearby!
You miss the bat. The bat misses you. The bat hits you but does no damage.
You closely miss the bat. The bat hits you but does no damage.
The bat closely misses you.
You closely miss the bat. The bat barely misses you.
You slash the bat!
You kill the bat!
No target in view!
No target in view!
No target in view!
No target in view!
No target in view!
No target in view!
No target in view!
No target in view!
No target in view!
No target in view!
No target in view!
No target in view!
Found a stone staircase leading down.
j - a scroll labelled POGULAPN HUPT You now have 38 gold pieces (gained 9).
A goblin comes into view. It is wielding a +0 club.
A goblin is nearby!
A quokka comes into view.
Found a mace.
The goblin shouts!
You hear an angry hiss.
The goblin completely misses you.
You slash the goblin!
You kill the goblin!
The quokka bites you.
You barely miss the quokka.
The quokka bites you but does no damage.
You slash the quokka!
You kill the quokka!
No target in view!
No target in view!
No target in view!
No target in view!
No target in view!
No target in view!
No target in view!
No target in view!
No target in view!
No target in view!
No target in view!
No target in view!
No target in view!
No target in view!
HP restored.
You see here a +0 club.
Found an escape hatch in the floor.
A kobold comes into view. It is wielding a +0 whip.
A kobold is nearby!
A kobold is nearby!
A worm comes into view.
Found an escape hatch in the ceiling.
Found a stone staircase leading down.
Found a brown potion.
Found a helmet and 10 gold pieces.
The kobold barely misses you.
You hit the kobold but do no damage. The kobold hits you with a +0 whip.
The kobold hits you but does no damage.
You hit the kobold.
The kobold is moderately wounded.
The kobold closely misses you.
You hit the kobold.
You kill the kobold!
No target in view!
No target in view!
No target in view!
No target in view!
No target in view!
No target in view!
No target in view!
No target in view!
No target in view!
No target in view!
No target in view!
No target in view!
No target in view!
No target in view!
You now have 46 gold pieces (gained 8).
A worm is nearby!
A worm is nearby!
A worm is nearby!
You hit the worm.
The worm is moderately wounded.
The worm bites you but does no damage.
You slash the worm!
The worm is severely wounded.
The worm bites you but does no damage.
You hit the worm but do no damage.
The worm is severely wounded.
You hit the worm.
The worm is severely wounded.
The worm bites you.
You slash the worm!
You kill the worm!
You have reached level 3!
Your experience leads to an increase in your attributes!
Increase (S)trength, (I)ntelligence, or (D)exterity?
You feel agile. x2; Your demonic ancestry asserts itself...
Your hands begin to faintly glow with unholy energy.
An adder comes into view.
The adder moves out of view.
Found a robe.
Things that are here:
a +0 whip; a kobold corpse
k - a brown potion
l - a +0 helmet Sorry, you're not good enough to have a special ability.
Unknown command.
Are you sure you want to abandon this character and quit the game? (Confirm with "yes".)

####### ##.....##
##.......##
#.........#
#.........# #.
#.........# #.#
#.........#
#...#######.........#
...............@..##
. #..#>...).........#
.# #......†.........#
..###....##.........#
.>.####...#......[..#
#....#..........$...#
#.#...#.##........##
#....##.#...<....##
###........######.


There were no monsters in sight!

Vanquished Creatures
  A worm (D:2)
  3 endoplasms (D:1)
  2 hobgoblins
  5 kobolds
  3 quokkas
  4 ball pythons (D:1)
  3 bats
  A frilled lizard (D:1)
  4 goblins
26 creatures vanquished.

Notes
Turn   | Place    | Note
-------+----------+-------------------------------------------
     0 | D:1      | sleeves the Demonspawn Monk began the quest for the Orb.
     0 | D:1      | Reached XP level 1. HP: 18/18 MP: 1/1
     0 | D:1      | Noticed an ice dragon
     0 | D:1      | Noticed a yellow draconian
     3 | D:1      | Noticed a tentacled monstrosity
     3 | D:1      | Noticed an orb of fire
     6 | D:1      | Noticed a large abomination
     7 | D:1      | Noticed a tentacled monstrosity
     8 | D:1      | Noticed an iron dragon
    11 | D:1      | Noticed an iron dragon
    13 | D:1      | Noticed an orb of fire
    13 | D:1      | Noticed a shadow dragon
    17 | D:1      | Noticed an orb of fire
    19 | D:1      | Noticed an orb of fire
    21 | D:1      | Noticed a tentacled monstrosity
    80 | D:1      | Reached skill level 3 in Long Blades
   222 | D:1      | Gained mutation: You are partially covered in rugged brown
                  | scales. (AC +1, +3% HP) [demonic ancestry]
   222 | D:1      | Reached XP level 2. HP: 18/24 MP: 2/2
   959 | D:2      | Gained mutation: Your touch may inflict minor irresistible
                  | damage on your foes. [demonic ancestry]
   959 | D:2      | Reached XP level 3. HP: 26/29 MP: 3/3
   981 | D:2      | Quit the game

Illustrated notes

Levels and vault maps discovered:
D:1:      shiori_arrival_whats_in_store_for_you, layout_basic
D:2:      layout_rooms

Skill      XL: |  1 |
---------------+----+-----
Long Blades    | 3 |  3.9
Fighting       | |  3.0
Dodging        | |  2.6
Stealth        | |  1.7

Action                   || total
-------------------------++-------
Melee: Falchion          ||    96
 Stab: Sleeping          ||     4
Armor: Robe              ||    25
Dodge: Dodged            ||    91

Table legend: (Time is in decaauts)
 A = Elapsed time spent in this place.
 B = Non-inter-level travel time spent in this place.
 C = Inter-level travel time spent in this place.
 D = Time resting spent in this place.
 E = Time spent auto-exploring this place.
 F = Levels seen in this place.
 G = Mean time per level.
                   A        B        C        D        E       F      G
               +--------+--------+--------+--------+--------+-----+--------+
         Total |    994 |    980 |     14 |      0 |    730 |   2 |  497.0 |
       Dungeon |    994 |    980 |     14 |      0 |    730 |   2 |  497.0 |
               +--------+--------+--------+--------+--------+-----+--------+

Top non-repeatable levels by time:
     D:1: 883 daAuts
     D:2: 110 daAuts
